 Dungeon Crawl Stone Soup version 0.26.1-2-gb8aa6d0cf2 (webtiles) character file.

Game seed: 3056507457402893858

139734 Amplified the Warrior (level 17, -22/116 HPs)
             Began as a Tengu Venom Mage on Mar 4, 2021.
             Was the Champion of the Shining One.
             Killed from afar by a deep elf mage (34 damage)
             ... with a shard of ice
             ... on level 3 of the Elven Halls on Mar 7, 2021.
             The game lasted 01:01:05 (41233 turns).

Amplified the Warrior (Tengu Venom Mage)           Turns: 41233, Time: 01:01:06

Health: -22/116    AC: 18    Str: 15    XL:     17   Next: 29%
Magic:  25/25      EV: 24    Int: 17    God:    the Shining One [******]
Gold:   3626       SH:  0    Dex: 28    Spells: 19/26 levels left

rFire    + + .     SeeInvis .   t - +7 lajatang (flame)
rCold    + . .     Faith    .   (shield currently unavailable)
rNeg     + + +     Spirit   .   b - +1 scale mail "Qacar" {+Blink Dex+2 Slay+3}
rPois    +         Reflect  .   v - +2 hat
rElec    .         Harm     .   n - +2 cloak {rF+}
rCorr    .         Rampage  .   d - +1 pair of gloves
Will     .....                  (boots unavailable)
Stlth    ..........             N - amulet of magic regeneration
HPRegen  0.29/turn              x - +6 ring of dexterity
MPRegen  0.44/turn              H - ring "Jaomac" {rPois rF+ rC+ Will- Str+6}

@: confused, flying quickly and evasively, glowing, quick
A: beak, talons 3, able to fly
a: Stop Flying, Renounce Religion, Evoke Blink, Divine Shield, Cleansing Flame,
Summon Divine Warrior, Brand Weapon With Holy Wrath


You were on level 3 of the Elven Halls.
You worshipped the Shining One.
The Shining One was exalted by your worship.
You visited 7 branches of the dungeon, and saw 28 of its levels.
You also visited: Sewer, Ice Cave and Volcano.

You collected 4831 gold pieces.
You spent 1205 gold pieces at shops.

Inventory:

Hand Weapons
 t - a +7 lajatang of flaming (weapon)
Missiles
 k - 61 poisoned darts (quivered)
Armour
 b - the +1 scale mail "Qacar" (worn) {+Blink Dex+2 Slay+3}
   (You found it on level 1 of the Lair of Beasts)

   It affects your dexterity (+2).
   It affects your accuracy and damage with ranged weapons and melee attacks
   (+3).
   It lets you blink.
 d - a +1 pair of gloves (worn)
 e - the +1 robe of Hamis {rPois rN+ Str+5 Dex-5}
   (You found it on level 7 of the Dungeon)

   It affects your strength (+5).
   It affects your dexterity (-5).
   It protects you from poison.
   It protects you from negative energy.
 n - a +2 cloak of fire resistance (worn)
 u - a +0 leather armour of fire resistance
 v - a +2 hat (worn)
 y - the +0 chain mail of the Morning Star {Str-3 Int+7 Slay+2}
   (You found it on level 6 of the Dungeon)

   It affects your strength (-3).
   It affects your intelligence (+7).
   It affects your accuracy and damage with ranged weapons and melee attacks
   (+2).
Jewellery
 h - an uncursed ring of protection from fire
 w - a +4 ring of protection
 x - a +6 ring of dexterity (left hand)
 D - an uncursed ring of magical power
 G - an uncursed ring of protection from cold
 H - the ring "Jaomac" (right hand) {rPois rF+ rC+ Will- Str+6}
   (You acquired it on level 1 of the Snake Pit)

   [ring of strength]

   It affects your strength (+6).
   It protects you from fire.
   It protects you from cold.
   It protects you from poison.
   It affects your willpower, your defense against some magical effects.
 N - an amulet of magic regeneration (around neck)
Wands
 f - a wand of iceblast (2)
 p - a wand of paralysis (1)
 C - a wand of disintegration (29)
 E - a wand of polymorph (7)
 M - a wand of digging (5)
Scrolls
 c - 6 scrolls of teleportation
 g - a scroll of brand weapon
 j - 3 scrolls of immolation
 s - 20 scrolls of remove curse
 F - a scroll of amnesia
 J - 2 scrolls of identify
 K - 2 scrolls of silence
Potions
 a - a potion of cancellation
 m - a potion of ambrosia
 o - 5 potions of attraction
 q - 9 potions of brilliance
 r - 2 potions of mutation
 z - 3 potions of magic
Miscellaneous
 B - a phantom mirror (inert)


   Skills:
 * Level 16.7 Fighting
 - Level 2.2(8.4) Maces & Flails
 - Level 12.2(14.1) Polearms
 - Level 12.3(14.3) Staves
 - Level 11.7 Armour
 - Level 11.9 Dodging
 - Level 2.0 Stealth
 * Level 5.2 Spellcasting
 * Level 3.0 Conjurations
 - Level 0.7 Transmutations
 - Level 6.4 Ice Magic
 * Level 6.1 Poison Magic
 * Level 6.8 Invocations


You had 19 spell levels left.
You knew the following spells:

 Your Spells              Type           Power        Failure   Level
a - Sting                 Tmut/Pois      64%          10%         1
b - Ozocubu's Armour      Ice            26%          9%          3
c - Mephitic Cloud        Conj/Pois/Air  14%          34%         3

Your spell library contained the following spells:

 Spells                   Type           Power        Failure   Level
 Freeze                   Ice            100%         2%          1
 Frozen Ramparts          Ice            52%          9%          3
 Magic Dart               Conj           56%          12%         1
 Ensorcelled Hibernation  Hex/Ice        30%          16%         2
 Poisonous Vapours        Pois/Air       28%          17%         2
 Searing Ray              Conj           28%          17%         2
 Foxfire                  Conj/Fire      36%          22%         1
 Shock                    Conj/Air       36%          22%         1
 Beastly Appendage        Tmut           12%          30%         1
 Spider Form              Tmut/Pois      8%           30%         3
 Olgreb's Toxic Radiance  Pois           25%          32%         4
 Animate Skeleton         Necr           8%           38%         1
 Corona                   Hex            4%           38%         1
 Pain                     Necr           16%          38%         1
 Wereblood                Tmut           6%           41%         2
 Ignite Poison            Fire/Tmut/Pois 12%          43%         3
 Hailstorm                Conj/Ice       20%          50%         4
 Corpse Rot               Necr/Air       N/A          52%         2
 Sublimation of Blood     Necr           2%           52%         2
 Swiftness                Air            4%           52%         2
 Conjure Flame            Conj/Fire      9%           54%         3
 Dazzling Flash           Conj/Hex       18%          54%         3
 Static Discharge         Conj/Air       9%           54%         3
 Stone Arrow              Conj/Erth      18%          54%         3
 Ice Form                 Ice/Tmut       16%          67%         4
 Summon Ice Beast         Ice/Summ       15%          71%         4
 Confusing Touch          Hex            4%           77%         3
 Gell's Gravitas          Tloc           2%           77%         3
 Inner Flame              Hex/Fire       4%           77%         3
 Tukima's Dance           Hex            4%           77%         3
 Vampiric Draining        Necr           2%           77%         3
 Fulminant Prism          Conj/Hex       4%           91%         4
 Iskenderun's Mystic Bla  Conj/Tloc      9%           91%         4
 Sticky Flame             Conj/Fire      9%           91%         4
 Metabolic Englaciation   Hex/Ice        7%           96%         5
 Petrify                  Tmut/Erth      5%           98%         4
 Airstrike                Air            2%           99%         4
 Animate Dead             Necr           2%           99%         4
 Dispel Undead            Necr           4%           99%         4
 Fireball                 Conj/Fire      4%           99%         5
 Lightning Bolt           Conj/Air       4%           99%         5
 Ozocubu's Refrigeration  Ice            13%          99%         6
 Agony                    Necr           4%           100%        5
 Blade Hands              Tmut           3%           100%        5
 Excruciating Wounds      Necr           2%           100%        5
 Summon Forest            Summ/Tloc      2%           100%        5
 Yara's Violent Unravell  Hex/Tmut       2%           100%        5
 Eringya's Noxious Bog    Tmut/Pois      8%           100%        6
 Freezing Cloud           Conj/Ice/Air   7%           100%        6
 Hydra Form               Tmut           3%           100%        6
 Simulacrum               Ice/Necr       7%           100%        6
 Summon Hydra             Summ           2%           100%        7


Dungeon Overview and Level Annotations

Branches:
Dungeon (13/15)            Temple (1/1) D:4            Lair (6/6) D:11
  Swamp (1/4) Lair:3        Snake (2/4) Lair:3        Slime (0/5) Lair:5
    Orc (2/2) D:12            Elf (3/3) Orc:2         Sewer (visited)
  IceCv (visited)         Volcano (visited)
 Vaults: D:13-14

Altars:
Ashenzari
Cheibriados
Elyvilon
Fedhas
Gozag
Hepliaklqana
Kikubaaqudgha
Makhleb
Nemelex Xobeh
Okawaru
Qazlal
Ru
Trog
Uskayaw
Vehumet
Wu Jian
Xom
Yredelemnul
Zin
The Shining One
Beogh

Shops:
D:6 !   D:7 *   Orc:2 [?:[   Snake:1 [

Annotations:
D:8 Fire Dragon
D:13 Azrael
Lair:2 exclusion: 4 oklob plants
Snake:2 Asterion
Elf:1 Roxanne


Innate Abilities, Weirdness & Mutations

You have a beak for a mouth.
You have claws for feet.
You can fly continuously.


Message History

Okay, then.
Your daeva calls down the wrath of the Shining One upon the deep elf mage.
The deep elf mage is smitten.
Your daeva hits the deep elf mage with a +3 scimitar of holy wrath!
Your daeva barely misses the deep elf mage.
The deep elf mage casts a spell.
The deep elf mage blinks!
The deep elf mage gestures at you while chanting.
The shard of ice hits you! You partially resist.
* * * LOW HITPOINT WARNING * * *
There is an open door here.
Okay, then.
Okay, then.
Okay, then.
You are confused.
You feel invigorated.
You bump into the rock wall.
The deep elf mage points at you and mumbles some strange words.
The shard of ice hits you!! You partially resist.
You die...

...)......).........
######'#######...##
........).....#...#
..............#...#
######+.####..#...#
###.....#..#...#
#.#...#..'e..#
#.....#..#...###########
##+##.+@.#..............
#.#..#..e...........
#..#..............
#..#)..###########
#..#..A#..........
#..#e..#..........
##.#...#..#######.
#.+.ยง.#.e#.....#.
#.#...#..#.....#.


You could see a deep elf mage.

Vanquished Creatures
  Rupert (Lair:5)
  Kirke (D:12)
  A frost giant (IceCv)
  A nagaraja (Snake:2)
  Louise (Snake:1)
  A deep elf elementalist (Elf:1)
  A deep elf demonologist (Elf:2)
  2 entropy weavers (Lair:6)
  An ettin (Orc:2)
  An eleionoma (Swamp:1)
  A fire dragon (Volcano)
  A deep elf death mage (Elf:1)
  2 boulder beetles (Lair:6)
  A catoblepas (Lair:5)
  2 naga warriors
  9 hydras
  2 anacondas (Snake:1)
  9 two-headed ogres
  4 dancing weapons
  A queen ant (Lair:6)
  An alligator (Swamp:1)
  2 ogre magi (Orc:2)
  Erica (Lair:1)
  8 death yaks
  Sonja (Lair:4)
  6 deep elf knights
  A shock serpent (Snake:1)
  A goliath frog (Swamp:1)
  2 deep trolls
  2 unseen horrors
  A naga ritualist (Snake:1)
  A bog body (Swamp:1)
  3 large abominations (Elf:1)
  2 necromancers (Elf:1)
  Pikel (D:7)
  6 deep elf archers
  2 orc knights
  3 mana vipers (Snake:1)
  3 cyclopes
  2 ugly things
  4 salamanders
  30 deep elf magi
  17 elephants
  4 black mambas
  14 cane toads
  A torpor snail (Lair:4)
  Psyche (D:11)
  An ice statue (IceCv)
  2 rime drakes
  8 komodo dragons
  2 ice devils (Lair:2)
  8 trolls
  27 polar bears
  3 raiju (Lair:6)
  3 tyrant leeches
  3 hornets (Swamp:1)
  17 blink frogs
  4 slime creatures (D:12)
  16 dream sheep
  3 spriggans (Swamp:1)
  An air elemental (Elf:3)
  A tarantella (shapeshifter) (Elf:2)
  8 wyverns
  A wraith (D:13)
  9 fire bats (Volcano)
  A fire elemental (Elf:1)
  59 yaks
  2 hogs (D:12)
  6 basilisks
  A yak (shapeshifter) (Elf:2)
  3 steam dragons (Volcano)
  A swamp worm (Swamp:1)
  Menkaure (D:7)
  10 wargs
  16 soldier ants (Lair:6)
  An acid dragon (D:12)
  27 water moccasins
  16 hell hounds
  16 orc warriors
  6 sky beasts
  12 black bears
  4 ice beasts
  2 phantoms
  28 ogres
  31 wolves
  4 centaurs
  A lemure (D:8)
  4 big kobolds
  An earth elemental (Elf:1)
  12 bullfrogs
  2 elf zombies (Elf:1)
  4 scorpions
  6 killer bees (D:7)
  A howler monkey (D:4)
  8 wights
  8 electric eels
  A bullfrog zombie (D:10)
  2 jellies (Lair:5)
  17 orc priests
  A centaur skeleton (D:10)
  4 centaur zombies
  5 hounds
  14 orc wizards
  A bullfrog skeleton (D:6)
  3 iguanas
  Terence (D:3)
  5 hell rats
  32 worker ants
  2 hound zombies
  A hound skeleton (D:11)
  10 gnolls
  12 adders
  4 river rats
  2 shadow imps
  A white imp (D:9)
  An ufetubus (D:10)
  6 oozes
  2 adder zombies
  An adder skeleton (D:4)
  5 worms
  A dart slug (D:5)
  7 leopard geckos
  63 orcs
  5 giant cockroaches
  9 goblins
  10 hobgoblins
  13 jackals
  22 kobolds
  6 quokkas
  7 ball pythons
  6 bats
  7 frilled lizards
  A jackal skeleton (D:6)
  A leopard gecko skeleton (D:4)
  32 rats
897 creatures vanquished.

Vanquished Creatures (collateral kills)
  Donald (Elf:3)
  A spriggan (Swamp:1)
  A hornet (Swamp:1)
3 creatures vanquished.

Vanquished Creatures (others)
  A bloated husk (Swamp:1)
  A polar bear (IceCv)
  A water moccasin (Lair:5)
  An ogre (Volcano)
  An electric eel (D:13)
  A bush (Lair:6)
  29 fungi
  177 plants
212 creatures vanquished.

Grand Total: 1112 creatures vanquished

Notes
Turn   | Place    | Note
-------+----------+-------------------------------------------
     0 | D:1      | Amplified the Tengu Venom Mage began the quest for the Orb.
     0 | D:1      | Reached XP level 1. HP: 10/10 MP: 4/4
   206 | D:1      | Reached XP level 2. HP: 16/16 MP: 1/6
   314 | D:1      | Reached skill level 1 in Fighting
   314 | D:1      | Reached skill level 1 in Maces & Flails
   850 | D:1      | Reached skill level 1 in Armour
   850 | D:1      | Reached XP level 3. HP: 18/20 MP: 5/7
  2022 | D:2      | Reached XP level 4. HP: 26/26 MP: 8/8
  2030 | D:2      | Reached skill level 2 in Fighting
  2986 | D:3      | Noticed Terence
  2996 | D:3      | Killed Terence
  2997 | D:3      | Reached skill level 1 in Polearms
  2997 | D:3      | Gained mutation: You can fly continuously. [Tengu growth]
  2997 | D:3      | Reached XP level 5. HP: 28/31 MP: 9/9
  3703 | D:4      | Found a staircase to the Ecumenical Temple.
  3709 | Temple   | Entered the Ecumenical Temple
  3739 | Temple   | Became a worshipper of the Shining One
  3779 | D:4      | Found a glowing drain.
  3955 | Sewer    | Entered a sewer
  4157 | Sewer    | Reached skill level 3 in Fighting
  4178 | Sewer    | Reached XP level 6. HP: 18/37 MP: 10/10
  5012 | Sewer    | Reached * piety under the Shining One
  5019 | Sewer    | Reached XP level 7. HP: 35/42 MP: 11/11
  5553 | D:4      | Reached skill level 4 in Fighting
  5772 | D:5      | Entered Level 5 of the Dungeon
  7115 | D:4      | Reached XP level 8. HP: 42/48 MP: 12/12
  7199 | D:4      | Reached skill level 5 in Fighting
  7781 | D:7      | Reached skill level 5 in Polearms
  8477 | D:7      | Reached skill level 5 in Dodging
  8493 | D:7      | Reached ** piety under the Shining One
  8580 | D:7      | Reached skill level 6 in Fighting
  8678 | D:7      | Found Idemn's General Store.
  8686 | D:7      | Bought a potion of curing for 36 gold pieces
  8819 | D:7      | Noticed Menkaure
  8834 | D:7      | Killed Menkaure
  8893 | D:7      | Got a shadowed robe
  8904 | D:7      | Identified the cursed +1 robe of Hamis {rPois rN+ Str+5
                  | Dex-5} (You found it on level 7 of the Dungeon)
  8998 | D:7      | Reached XP level 9. HP: 40/55 MP: 13/13
  9730 | D:8      | Noticed Pikel
  9786 | D:7      | Killed Pikel
  9787 | D:7      | Reached skill level 7 in Fighting
  9787 | D:7      | Reached skill level 5 in Armour
  9884 | D:8      | Noticed a fire dragon
 10237 | D:6      | Found Wanuss's Distillery.
 10243 | D:6      | Bought a potion of curing for 33 gold pieces
 10243 | D:6      | Bought a potion of might for 44 gold pieces
 10243 | D:6      | Bought a potion of curing for 33 gold pieces
 10243 | D:6      | Bought 2 potions of curing for 66 gold pieces
 10243 | D:6      | Bought a potion of curing for 33 gold pieces
 10243 | D:6      | Bought a potion of lignification for 33 gold pieces
 10722 | D:6      | Got a bloodstained chain mail
 10736 | D:6      | Identified the cursed +0 chain mail of the Morning Star
                  | {Str-3 Int+7 Slay+2} (You found it on level 6 of the
                  | Dungeon)
 10815 | D:6      | Found a burning altar of Makhleb.
 11601 | D:9      | Reached XP level 10. HP: 64/64 MP: 14/14
 11661 | D:9      | Reached skill level 8 in Fighting
 11681 | D:9      | Found the +12 Vampire's Tooth {vamp}
 11805 | D:9      | Noticed a two-headed ogre
 11815 | D:9      | Killed a two-headed ogre
 12300 | D:9      | Identified a scroll of acquirement
 12301 | D:9      | Acquired 831 gold pieces
 12323 | D:10     | Entered Level 10 of the Dungeon
 12485 | D:10     | Noticed an unseen horror
 12496 | D:10     | Killed an unseen horror
 12497 | D:10     | Reached skill level 9 in Fighting
 12774 | D:10     | Got a crude rapier
 12775 | D:10     | Identified the +6 rapier "Nufrail" {protect, rF+} (You
                  | found it on level 10 of the Dungeon)
 13258 | D:10     | Got a faintly glowing ring mail
 13259 | D:10     | Identified the +3 ring mail "Bujiet" {+Fly rF++ Slay-2}
                  | (You found it on level 10 of the Dungeon)
 13373 | D:11     | Noticed an elephant
 13386 | D:11     | Killed an elephant
 13387 | D:11     | Reached skill level 10 in Polearms
 13387 | D:11     | Reached XP level 11. HP: 61/71 MP: 15/15
 13679 | D:11     | Noticed Psyche
 13694 | D:11     | Killed Psyche
 13866 | D:11     | Found a staircase to the Lair.
 13899 | D:11     | Reached skill level 10 in Fighting
 14478 | D:11     | Noticed an unseen horror
 14487 | D:11     | Killed an unseen horror
 15002 | D:12     | Noticed a purple ugly thing
 15006 | D:12     | Killed a purple ugly thing
 15258 | Lair:1   | Entered Level 1 of the Lair of Beasts
 15260 | Lair:1   | Reached *** piety under the Shining One
 15264 | Lair:1   | Got a faintly glowing scale mail
 15279 | Lair:1   | Identified the +1 scale mail "Qacar" {+Blink Dex+2 Slay+3}
                  | (You found it on level 1 of the Lair of Beasts)
 15311 | Lair:1   | Noticed Erica
 15323 | Lair:1   | Killed Erica
 15451 | Lair:1   | Noticed a six-headed hydra
 15615 | Lair:1   | Found a dark tunnel.
 15781 | Volcano  | Entered a volcano
 15813 | Volcano  | Noticed a salamander
 15837 | Volcano  | Killed a salamander
 15838 | Volcano  | Reached XP level 12. HP: 60/79 MP: 12/16
 15898 | Volcano  | Reached skill level 11 in Fighting
 16245 | Volcano  | Noticed a fire dragon
 16283 | Volcano  | Killed a fire dragon
 16748 | Lair:1   | Acquired 873 gold pieces
 16862 | Lair:1   | Reached skill level 1 in Staves
 17074 | Lair:1   | Killed a one-headed hydra
 17807 | Lair:2   | Found a frozen archway.
 17982 | IceCv    | Entered an ice cave
 18088 | IceCv    | Found the +7 pair of quick blades "Gyre" and "Gimble"
                  | {protect}
 18149 | IceCv    | Noticed a death yak
 18176 | IceCv    | Killed a death yak
 18177 | IceCv    | Reached skill level 12 in Fighting
 18482 | IceCv    | Reached XP level 13. HP: 86/86 MP: 17/17
 18592 | IceCv    | Reached skill level 5 in Staves
 18646 | IceCv    | Reached skill level 10 in Dodging
 18982 | IceCv    | Noticed a frost giant
 19012 | IceCv    | Killed a frost giant
 19280 | IceCv    | Identified Titifoqal's Collected Works on the Snowflakes
 19470 | Lair:2   | Reached skill level 10 in Armour
 20631 | Lair:3   | Found a staircase to the Snake Pit.
 20683 | Lair:3   | Reached skill level 13 in Fighting
 21195 | Lair:3   | Found a staircase to the Swamp.
 22136 | Lair:4   | Noticed Sonja
 22153 | Lair:4   | Killed Sonja
 22502 | Lair:4   | Reached XP level 14. HP: 47/94 MP: 18/18
 22978 | Lair:5   | Noticed Rupert
 23555 | D:12     | Noticed Kirke
 23624 | D:12     | Killed Kirke
 23921 | D:12     | Reached **** piety under the Shining One
 23996 | D:12     | Found a staircase to the Orcish Mines.
 24241 | Orc:1    | Entered Level 1 of the Orcish Mines
 24452 | Orc:2    | Entered Level 2 of the Orcish Mines
 25219 | Orc:1    | Found a roughly hewn altar of Beogh.
 25346 | Orc:2    | Found Joen's Armour Emporium.
 25347 | Orc:2    | Reached ***** piety under the Shining One
 25647 | Orc:2    | Reached skill level 14 in Fighting
 26340 | Orc:2    | Paralysed by an ogre mage for 3 turns
 26369 | Orc:2    | Found Qasac's Magic Scroll Emporium.
 26370 | Orc:2    | Found Vytwenehu's Book Boutique.
 26382 | Orc:2    | Reached skill level 10 in Staves
 26421 | Orc:2    | Bought a scroll of teleportation for 54 gold pieces
 26421 | Orc:2    | Bought a scroll of blinking for 135 gold pieces
 26421 | Orc:2    | Bought a scroll of teleportation for 54 gold pieces
 26421 | Orc:2    | Bought 3 scrolls of blinking for 405 gold pieces
 26421 | Orc:2    | Bought a scroll of blinking for 135 gold pieces
 26421 | Orc:2    | Bought a scroll of identify for 36 gold pieces
 26421 | Orc:2    | Bought a scroll of remove curse for 54 gold pieces
 26421 | Orc:2    | Bought a scroll of remove curse for 54 gold pieces
 26555 | Orc:2    | Found Ugroig's Antique Armour Shoppe.
 27419 | Orc:2    | Found a staircase to the Elven Halls.
 28269 | D:13     | Noticed Azrael
 28751 | Swamp:1  | Entered Level 1 of the Swamp
 28765 | Swamp:1  | Reached XP level 15. HP: 100/101 MP: 19/19
 28957 | Swamp:1  | Learned a level 3 spell: Ozocubu's Armour
 29763 | Elf:1    | Entered Level 1 of the Elven Halls
 30690 | Snake:1  | Entered Level 1 of the Snake Pit
 30707 | Snake:1  | Noticed Louise
 31205 | Lair:4   | Reached skill level 1 in Ice Magic
 31947 | Lair:4   | Reached skill level 15 in Fighting
 32175 | Lair:5   | Found a staircase to the Slime Pits.
 32205 | Lair:5   | Killed Rupert
 33432 | Lair:6   | Entered Level 6 of the Lair of Beasts
 34346 | Lair:6   | Reached skill level 1 in Invocations
 34626 | Lair:6   | Reached skill level 5 in Ice Magic
 34636 | Lair:6   | Reached XP level 16. HP: 101/108 MP: 20/20
 35635 | Lair:6   | Reached skill level 16 in Fighting
 36427 | Lair:6   | Learned a level 3 spell: Mephitic Cloud
 36575 | Swamp:1  | Reached ****** piety under the Shining One
 37015 | Snake:1  | Killed Louise
 37225 | Snake:1  | Reached skill level 5 in Invocations
 37524 | Snake:1  | Acquired the ring "Jaomac" {rPois rF+ rC+ Will- Str+6}
 37922 | Snake:1  | Found Quziur's Antique Armour Boutique.
 38590 | Snake:2  | Noticed a nagaraja
 38596 | Snake:2  | Killed a nagaraja
 38598 | Snake:2  | Noticed Asterion
 38604 | Snake:2  | Noticed an Executioner
 39772 | Elf:1    | Reached skill level 5 in Poison Magic
 39875 | Elf:1    | Reached XP level 17. HP: 93/116 MP: 24/24
 39989 | Elf:1    | Identified Roxanne's Guide on Stones
 39989 | Elf:1    | Noticed Roxanne
 40355 | Elf:1    | Reached skill level 1 in Conjurations
 40360 | Elf:1    | Identified the Handbook of Black Rituals
 40723 | Elf:2    | Reached skill level 5 in Spellcasting
 40742 | Elf:3    | Entered Level 3 of the Elven Halls
 41165 | Elf:3    | Noticed Donald
 41223 | Elf:3    | Killed Donald
 41229 | Elf:3    | HP: 1/116 [deep elf mage/shard of ice (13)]
 41233 | Elf:3    | Killed from afar by a deep elf mage

Illustrated notes

Levels and vault maps discovered:
D:1:      nzn_arrival_depleted_hourglass, layout_loops_corners,
          minmay_indecisive_spiral
D:2:      layout_rooms
D:3:      layout_basic, grunt_decor_clamped, chequers_serial_rivers_room_a,
          uniq_terence
D:4:      layout_cave_pods, minmay_temple_entry_hall,
          cheibrodos_sewer_entry_sluice
D:5:      minmay_polygon_palace, layout_basic, minmay_misc_feat_plants
D:6:      layout_gridville, kennysheep_mini, serial_shops, shop
D:7:      layout_loops_corners, serial_shops, shop, uniq_menkaure
D:8:      layout_cave_pools, jmf_multi_god_temple, uniq_joseph, uniq_pikel
D:9:      layout_cave_pools, minmay_misc_feat_roman, minmay_lizard_king
D:10:     minmay_inner_zag, layout_cross
D:11:     wad_woods_tower, layout_irregular_city, david_lair_generic,
          uniq_psyche
D:12:     layout_loops_ring, david_orc_4, uniq_kirke
D:13:     layout_roguey, serial_bayou, serial_bayou_shore_a,
          serial_bayou_lagoon_a, serial_bayou_pond_a, serial_bayou_lake_a,
          serial_park_tiny_1, water_maze_lemuel, uniq_azrael
Temple:   compressed_dpeg_triangle_lava_temple
Lair:1:   layout_layer_cave, enter_volcano_3, chequers_serial_rivers_small_3,
          uniq_erica
Lair:2:   layout_cellular_growth, portal_ice_cave_demonic_guard,
          disabler_island, minmay_lair_oklob_chamber,
          infiniplex_staircase_pool_2, lemuel_fruit_tree
Lair:3:   layout_cave_pods, minmay_swamp_entry_worms,
          minmay_snake_entry_six_corridors
Lair:4:   layout_cave_pods, grunt_megastairs_5, lemuel_fruit_fields, uniq_sonja
Lair:5:   layout_cave_pods, nicolae_slime_entry_slimehenge,
          chequers_serial_rivers_large_a, uniq_rupert
Lair:6:   hangedman_lair_caniforms_friends, layout_gridlike, st_stairs_5,
          zaba_anthell, grunt_megastairs_1, infiniplex_staircase_pool
Swamp:1:  layout_basic_swamp, evilmike_swamp_ruin_house_4, uniq_frances
Snake:1:  layout_chambers, serial_shops, nicolae_shop_statue_plus, uniq_louise
Snake:2:  layout_misc_corridors, basic_altar, st_stairs_4, uniq_asterion
Orc:1:    layout_caves, basic_altar, mines5_lemuel
Orc:2:    st_orc_open, layout_caves
Elf:1:    minmay_elf_arrival_circle, layout_loops_ring, minmay_elf_necromancy,
          uniq_roxanne
Elf:2:    layout_onion_city
Elf:3:    minmay_elf_hall_four_x, layout_onion_city,
          hangedman_elven_crosses_minicolossus, uniq_donald

Skill      XL: |  1  2  3  4  5  6  7  8  9 10 11 12 13 14 15 16 17 |
---------------+----------------------------------------------------+-----
Fighting       | 1 2 3 4 6 7 9 10 12 13 14 15 16 | 16.7
Maces & Flails | 1 2 |  2.2
Armour         | 1 2 3 4 5 7 8 9 10 11 | 11.7
Polearms       | 1 2 3 4 6 8 10 11 12 | 12.2
Dodging        | 3 4 5 6 7 8 9 10 11 | 11.9
Staves         | 4 8 10 12 | 12.3
Ice Magic      | 5 6 |  6.4
Invocations    | 2 6 |  6.8
Spellcasting   | 4 5 |  5.2
Poison Magic   | 5 6 |  6.1
Conjurations   | 3 |  3.0
Stealth        | |  2.0
Transmutations | |  0.7

Action                   |  1- 3 |  4- 6 |  7- 9 | 10-12 | 13-15 | 16-18 || total
-------------------------+-------+-------+-------+-------+-------+-------++-------
Melee: Whip              |    60 |     9 |       |       |       |       ||    69
       Peck              |    11 |    16 |    38 |    99 |   234 |   146 ||   544
       Club              |     2 |       |       |       |       |       ||     2
       Unarmed           |     2 |       |       |       |       |       ||     2
       Kick              |    10 |    34 |    77 |   164 |   419 |   228 ||   932
       Halberd           |       |   184 |   294 |   435 |       |       ||   913
       Scimitar          |       |       |       |     1 |       |       ||     1
       Lajatang          |       |       |       |   126 |  1113 |   568 ||  1807
Throw: Dart              |       |       |       |       |     7 |    10 ||    17
 Cast: Sting             |    23 |     6 |     9 |       |       |       ||    38
       Ozocubu's Armour  |       |       |       |       |     1 |     1 ||     2
Invok: Divine Shield     |       |       |     3 |    16 |    20 |     6 ||    45
       Summon Divine War |       |       |       |       |       |     1 ||     1
 Abil: Fly               |       |       |     1 |       |       |       ||     1
Evoke: Wand              |     3 |     4 |     2 |     8 |    12 |     5 ||    34
       Phantom mirror    |       |       |       |       |     1 |     1 ||     2
  Use: Scroll            |     6 |     6 |    19 |    14 |    18 |    19 ||    82
       Potion            |       |     1 |     5 |    19 |    14 |    11 ||    50
 Stab: Sleeping          |     1 |     2 |       |       |       |       ||     3
Armor: Robe              |    15 |    31 |    20 |    99 |   157 |    47 ||   369
       Skin              |       |       |       |     6 |       |       ||     6
       Scale mail        |       |       |       |       |       |    51 ||    51
Dodge: Dodged            |    49 |   135 |   221 |   440 |  1144 |   489 ||  2478
Block: Other             |       |       |     6 |    37 |    51 |    22 ||   116
